Tangles, neutral female sylph Healer E Tangles the Empiric Experience level: 3 Strength: 8 Dexterity: 12 Constitution: 15 Intelligence: 9 Wisdom: 14 Charisma: 19 Health: 0(26) Energy: 14(14) Def: 0 Gold: 2426 Moves: 1395 Dungeon seed: 8XZmb0DU2cL2NMvu Game ID: Tangles_1470217298 Your Inventory: Coins $ - 2426 gold pieces Weapons o - a +0 scalpel (weapon in hand) Armor e - an uncursed +1 pair of leather gloves n - an uncursed +0 pair of elven boots q - an uncursed +0 dwarvish cloak (being worn) Y - an uncursed +0 dwarvish cloak Comestibles a - a blessed eucalyptus leaf named skippy j - 15 blessed eucalyptus leaves k - 6 uncursed apples r - 2 uncursed melons v - an uncursed tripe ration B - an uncursed banana Scrolls p - an uncursed scroll of scare monster s - 2 uncursed scrolls of scare monster t - an uncursed scroll of water u - an uncursed scroll of teleportation w - a cursed scroll of light Spellbooks g - a blessed spellbook of healing h - a blessed spellbook of extra healing i - a blessed spellbook of stone to flesh Potions b - 4 uncursed potions of healing d - 4 uncursed potions of extra healing l - a blessed potion of gain energy Wands f - a wand of sleep (0:5) Tools c - an uncursed stethoscope m - a magic harp (0:0) z - an uncursed blindfold A - an uncursed partly used tallow candle (0:39) C - a blessed tallow candle (0:200) Gems y - an uncursed worthless piece of violet glass N - 2 uncursed garnet stones Spells and supernatural/magical abilities: Name Level Category Fail Memory h - healing 1 healing 8% 94% x - extra healing 3 healing 35% 94% S - stone to flesh 3 healing 48% 94% W - pray for help -- divine ? -- Your skills at the end: Miscellaneous Skills wands [Basic] Weapon Skills knife [Basic] Spellcasting Skills healing spells [Basic] Final Attributes: You were devoutly aligned. You were poison resistant. You saw invisible. You were stealthy. You were swallowed by a fog cloud. You were protected from shape changers. You are dead. Vanquished creatures: a shrieker a kobold mummy 4 dwarves 2 coyotes a hobbit a giant rat a cave spider a green mold 8 gnomes 3 jackals 2 foxes a kobold 5 newts 3 sewer rats 5 grid bugs a lichen 40 creatures vanquished. Voluntary challenges: You followed a strict vegan diet. You did not adorn yourself with jewelry or accessories. You were an atheist. You used a wielded weapon 55 times, starting on turn 212. You did not use containers. You did not apply a unicorn horn. You were illiterate. You never genocided any monsters. You never polymorphed an object. You never changed form. You used no wishes. You never split a pudding. You never wrote Elbereth's name. You never violated your personal moral code. Dungeon overview: The Dungeons of Doom: levels 1 to 4 Level 1 some fountains a long staircase Level 2 Level 3 stairs to The Gnomish Mines Level 4 The Gnomish Mines: levels 4 to 5 Level 4 stairs to The Dungeons of Doom Level 5 <- You were here History has recorded: On T:1 you entered the Dungeons of Doom to retrieve the Amulet of Yendor! On T:264 you reached level 2 of The Dungeons of Doom. On T:347 you reached level 3 of The Dungeons of Doom. On T:671 you advanced to experience level 2. On T:826 you reached level 4 of The Dungeons of Doom. On T:900 you reached level 1 of The Gnomish Mines. On T:1345 you advanced to experience level 3. On T:1371 you reached level 2 of The Gnomish Mines. Score breakdown: Gold: 519 ( 51 points) Experience: 3 levels ( 200 points) Exploration: 5 levels ( 120 points) Discoveries: 2 items ( 100 points) Variety of kills: 16 monsters ( 800 points) Major goal: (nothing yet) ( 0 points) Survival: died (score multiplied by 3) Total score: 3813 Latest messages: KittySplat bites the fog cloud. The fog cloud swallows KittySplat. KittySplat is regurgitated! Status of the rabid rat (neutral): Level 2 HP 8(9) Def 4. You hack the rabid rat. The rabid rat is lightly wounded. The grid bug bites! The rabid rat bites! The homunculus bites! KittySplat misses the fog cloud. You slash the rabid rat. The rabid rat is moderately wounded. The grid bug bites! The gray ooze bumps right into you! The rabid rat bites! The homunculus bites! The fog cloud engulfs you! Your candle's flame is extinguished. You are laden with moisture and can barely breathe! You die... Final status: Goodbye Tangles the Healer, killed by a fog cloud... You died in The Gnomish Mines on dungeon level 5 with 3813 points, and 2426 pieces of gold, after 1395 moves. You were level 3 with a maximum of 26 hit points when you died.